 Seeded DCSS version 0.28.0-45-g0d030f2227 (webtiles) character file.

Game seed: 9376642942419055868 (custom seed)

62 thiscave3701365 the Chopper (level 4, -2/41 HPs)
             Began as a Hill Orc Berserker on Apr 13, 2022.
             Was a Believer of Trog.
             Slain by an adder (5 damage)
             ... on level 2 of the Dungeon.
             The game lasted 00:01:07 (1151 turns).

thiscave3701365 the Chopper (Hill Orc Berserker)    Turns: 1151, Time: 00:01:08

Health: -2/41      AC:  2    Str: 21    XL:     4   Next: 8%
Magic:  4/4        EV: 12    Int:  7    God:    Trog [**....]
Gold:   46         SH:  0    Dex: 10    Spells: 3/3 levels left

rFire   . . .      SeeInvis .   e - +3 hand axe
rCold   . . .      Faith    .   (no shield)
rNeg    . . .      Spirit   .   (no armour)
rPois   .          Reflect  .   (no helmet)
rElec   .          Harm     .   f - +0 cloak
rCorr   .          Rampage  .   (no gloves)
Will    .....                   a - +0 pair of boots
Stlth   +.........              (no amulet)
HPRegen 0.13/turn               (no ring)
MPRegen 0.09/turn               (no ring)

@: no status effects
A: no striking features
a: Renounce Religion, Berserk, Trog's Hand


You were on level 2 of the Dungeon.
You worshipped Trog.
Trog was pleased with you.
You visited 1 branch of the dungeon, and saw 2 of its levels.

You collected 46 gold pieces.

Inventory:

Hand Weapons
 e - a +3 hand axe (weapon)
Armour
 a - a +0 pair of boots (worn)
 f - a +0 cloak (worn)
Jewellery
 b - a ring of magical power
Scrolls
 d - a scroll of torment {unknown}
 g - 2 scrolls of identify {unknown}
 h - a scroll of teleportation {unknown}
Potions
 c - a potion of lignification {unknown}


   Skills:
 + Level 4.4 Fighting
 + Level 5.0 Axes
 + Level 2.5 Armour
 + Level 2.0 Dodging
 + Level 0.2 Stealth


You had 3 spell levels left.
You didn't know any spells.
Your spell library was empty.

Dungeon Overview and Level Annotations

Branches:
Dungeon (2/15)

Altars:


Message History

You slash the ball python!
You kill the ball python!
Trog accepts your kill. The jackal bites you.
* * * LOW HITPOINT WARNING * * *
You closely miss the jackal. The jackal misses you. The jackal bites you.
* * * LOW HITPOINT WARNING * * *
You hit the jackal.
The jackal is severely wounded.
The jackal bites you.
* * * LOW HITPOINT WARNING * * *
The jackal bites you.
* * * LOW HITPOINT WARNING * * *
You hit the jackal.
You kill the jackal!
Trog accepts your kill.
You feel yourself speed up. The bat closely misses you. The bat misses you.
You barely miss the bat. The bat closely misses you. x2
An adder comes into view.
The bat barely misses you.
You barely miss the bat.
The adder hisses angrily.
The bat barely misses you. The bat misses you.
Items here: ( ))).
You hit the bat.
The bat is heavily wounded.
The bat barely misses you. The bat closely misses you. x2
You hit the bat.
You kill the bat!
Trog accepts your kill. The adder barely misses you.
You closely miss the adder.
You recover from your berserk rage.
The adder misses you.
You hit the adder.
The adder is lightly wounded.
The adder bites you.
You die...

###.......###########
.....................
####.......####.######
........)..# #.# #
######.#### #.# # .
#)# #.# # ... #)## #.#
# .....#######).# #.#
# ......)..S@...# #.#
# .....########.# #.#
# ... .# # . .. # .#!
# ... # .. .


You could see an adder.

Vanquished Creatures
  Robin (D:2)
  A gnoll (D:2)
  An adder (D:2)
  6 bats
  2 endoplasms (D:1)
  3 giant cockroaches
  6 goblins (D:2)
  2 hobgoblins (D:2)
  A jackal (D:2)
  A quokka (D:2)
  5 ball pythons
  A kobold (D:1)
  A rat (D:1)
31 creatures vanquished.

Notes
Turn   | Place    | Note
-------+----------+-------------------------------------------
     0 | D:1      | thiscave3701365 the Hill Orc Berserker began the quest for
                  | the Orb.
     0 | D:1      | Reached XP level 1. HP: 19/19 MP: 1/1
   402 | D:1      | Reached XP level 2. HP: 24/27 MP: 2/2
  1036 | D:2      | Reached XP level 3. HP: 30/33 MP: 3/3
  1108 | D:2      | Noticed Robin
  1115 | D:2      | Killed Robin
  1122 | D:2      | Reached ** piety under Trog
  1136 | D:2      | Reached XP level 4. HP: 8/41 MP: 4/4
  1139 | D:2      | Reached skill level 5 in Axes
  1141 | D:2      | HP: 1/41 [jackal (3)]
  1151 | D:2      | Slain by an adder

Illustrated notes

Levels and vault maps discovered:
D:1:      lightli_arrival_windingriver, layout_basic
D:2:      layout_basic, ebering_ecumenical_altar_webs, minmay_tetromino_t2,
          uniq_robin

Skill      XL: |  1  2  3  4 |
---------------+-------------+-----
Fighting       | 4 |  4.4
Dodging        | 2 |  2.0
Axes           | 5 |  5.0
Armour         | |  2.5
Stealth        | |  0.2

Action                   |  1- 3 |  4- 6 || total
-------------------------+-------+-------++-------
Melee: Hand axe          |    64 |    13 ||    77
       Punch             |     1 |       ||     1
Invok: Berserk           |     1 |       ||     1
 Stab: Sleeping          |     1 |       ||     1
Armor: Animal skin       |     6 |       ||     6
       Skin              |     2 |       ||     2
Dodge: Dodged            |    41 |    19 ||    60
